 Dungeon Crawl Stone Soup version 0.30-a0-469-g84de5afbc5 (webtiles) character file.

Game seed: 9222848317878865424

13755 Angani the Thaumaturge (level 11, -12/83 HPs)
             Began as a Purple Draconian Reaver on Dec 19, 2022.
             Was an Elder of Sif Muna.
             Mangled by a komodo dragon (23 damage)
             ... on level 1 of the Lair of Beasts.
             The game lasted 00:50:09 (12941 turns).

Angani the Thaumaturge (Purple Draconian Reaver)   Turns: 12941, Time: 00:50:10

Health: -12/83     AC:  9    Str: 15    XL:     11   Next: 79%
Magic:  11/27      EV: 12    Int: 17    God:    Sif Muna [****..]
Gold:   431        SH:  4    Dex: 10    Spells: 0/34 levels left

rFire   . . .      SeeInvis .    o - +0 rapier (venom)
rCold   . . .      Faith    .    i - +0 buckler
rNeg    . . .      Spirit   .    (body armour unavailable)
rPois   .          Reflect  .    (helmet restricted)
rElec   .          Harm     .    (no cloak)
rCorr   .          Rampage  .    k - +1 pair of gloves
Will    ++...                    (no boots)
Stlth   +.........               (no amulet)
HPRegen 0.33/turn                j - ring of wizardry
MPRegen 0.20/turn                q - ring of willpower

@: no status effects
A: breathe power, AC +7, unfitting armour, cold-blooded
a: Breathe Dispelling Energy, Renounce Religion, Channel Magic, Forget Spell,
Divine Exegesis


You were on level 1 of the Lair of Beasts.
You worshipped Sif Muna.
Sif Muna was greatly pleased with you.
You visited 2 branches of the dungeon, and saw 10 of its levels.
You also visited: Bailey.

You collected 725 gold pieces.
You spent 294 gold pieces at shops.

Inventory:

Hand Weapons
 o - a +0 rapier of venom (weapon)
 v - a +2 short sword of protection
Armour
 i - a +0 buckler (worn)
 k - a +1 pair of gloves (worn)
Jewellery
 j - a ring of wizardry (left hand)
 q - a ring of willpower (right hand)
Wands
 b - a wand of paralysis (36)
 m - a wand of polymorph (7)
 r - a wand of light (8)
 y - a wand of flame (33)
 F - a wand of iceblast (5)
Scrolls
 d - a scroll of silence
 e - 4 scrolls of teleportation
 g - 2 scrolls of blinking
 h - a scroll of poison
 n - 2 scrolls of immolation
 p - 3 scrolls of amnesia
 s - 2 scrolls of brand weapon
 u - 2 scrolls of fog
 A - 4 scrolls of enchant weapon
 B - 5 scrolls of enchant armour
 E - a scroll of fear
Potions
 a - a potion of curing
 c - 4 potions of flight
 f - a potion of heal wounds
 l - 3 potions of haste
 t - 3 potions of mutation
 w - 9 potions of ambrosia
 x - 2 potions of cancellation
 z - 2 potions of brilliance {unknown}
 C - a potion of magic {unknown}
 D - a potion of lignification {unknown}
 G - a potion of might {unknown}


   Skills:
 - Level 3.9 Fighting
 - Level 3.1 Axes
 - Level 3.2 Dodging
 - Level 2.7 Shields
 - Level 12.0 Spellcasting
 - Level 10.0 Conjurations
 + Level 0.8 Transmutations
 - Level 8.5 Fire Magic
 + Level 0.8 Poison Magic
 - Level 10.1 Invocations


You couldn't memorise any spells.
You knew the following spells:

 Your Spells              Type           Power      Damage    Failure   Level
a - Fireball              Conj/Fire      20%        3d10      2%          5
b - Momentum Strike       Conj/Tloc      54%        3d9       1%          2
c - Hailstorm             Conj/Ice       27%        3d7       1%          3
d - Magic Dart            Conj           100%       1d8       1%          1
e - Dispel Undead         Necr           10%        3d9       32%         4
f - Poisonous Vapours     Pois/Air       22%        N/A       4%          2
g - Mephitic Cloud        Conj/Pois/Air  22%        N/A       2%          3
h - Sticky Flame          Conj/Fire      41%        2d6       1%          4
i - Flame Wave            Conj/Fire      41%        2d11      1%          4
j - Eringya's Noxious Bo  Tmut/Pois      6%         N/A       98%         6

Your spell library contained the following spells:

 Spells                   Type           Power      Damage    Failure   Level
 Foxfire                  Conj/Fire      100%       2x1d9     1%          1
 Kiss of Death            Conj/Necr      100%       2d13      1%          1
 Inner Flame              Hex/Fire       24%        N/A       1%          3
 Cigotuvi's Dreadful Rot  Necr/Pois/Air  22%        N/A       4%          2
 Passwall                 Tmut/Erth      9%         N/A       4%          2
 Wereblood                Tmut           13%        N/A       4%          2
 Call Imp                 Summ           10%        N/A       6%          2
 Ensorcelled Hibernation  Hex/Ice        20%        N/A       6%          2
 Confusing Touch          Hex            10%        N/A       11%         3
 Swiftness                Air            10%        N/A       11%         3
 Irradiate                Conj/Tmut      14%        3d16      11%         5
 Starburst                Conj/Fire      20%        6d7       12%         6
 Alistair's Intoxication  Tmut/Pois      8%         N/A       54%         5


Dungeon Overview and Level Annotations

Branches:
Dungeon (9/15)             Temple (0/1) D:4            Lair (1/5) D:9
 Bailey (visited)
    Orc: D:9-12

Altars:
Elyvilon
Fedhas
Kikubaaqudgha
Sif Muna
Wu Jian
The Shining One

Shops:
D:2 !   D:5 !

Annotations:
D:7 Joseph
D:8 3 runed translucent doors, asdu's ghost, novice NaCj
Lair:1 exclusion: door


Innate Abilities, Weirdness & Mutations

You can breathe bolts of dispelling energy.
Your rich purple scales are hard. (AC +7)
You cannot fit into any form of body armour.
You are cold-blooded and may be slowed by cold attacks.


Message History

You are poisoned.
The cane toad poisons you!
A wave of flame ripples out!
The flame wave engulfs the cane toad!
You kill the cane toad!
Sif Muna accepts your kill.
The flame wave engulfs the komodo dragon!
The komodo dragon is moderately wounded.
You feel very sick.
Unknown command.
A wave of flame ripples out!
The flame wave engulfs the komodo dragon.
The komodo dragon is heavily wounded.
You finish channelling waves of flame.
You feel very sick.
The komodo dragon bites you but does no damage.
Unknown command.
Casting: Flame Wave (mildly dangerous; 1% risk of failure)
Confirm with . or Enter, or press ? or * to list all spells.
Casting: Flame Wave (mildly dangerous; 1% risk of failure)
Press: ? - help, Dir - look around, f - activate A wave of flame ripples out!
The flame wave engulfs the komodo dragon.
The komodo dragon is heavily wounded. (Press . to intensify the flame waves.)
You feel very sick.
The komodo dragon bites you but does no damage.
A wave of flame ripples out!
The flame wave engulfs the komodo dragon.
The komodo dragon is severely wounded.
You feel sick. The komodo dragon bites you!!
Unknown command.
A wave of flame ripples out!
The flame wave engulfs the komodo dragon!
The komodo dragon is almost dead.
You finish channelling waves of flame.
You feel very sick. The komodo dragon bites you!!
* * * LOW HITPOINT WARNING * * *
You feel better. The komodo dragon bites you!!
You die...

## ###.### ......#
#####......# ###
#.#.#.......
#######.#####...@l.....#
.##.##........###......#
......>####.P## ......#
####.P## #### ......#
#### ##.#... ## .# ## #
.######## ........##


You could see a komodo dragon.

Vanquished Creatures
  A boulder beetle (Lair:1)
  A two-headed ogre (D:9)
  3 death yaks (D:9)
  Maggie (D:7)
  3 cane toads (Lair:1)
  A rime drake (Lair:1)
  A kobold demonologist (D:8)
  A komodo dragon (Lair:1)
  A troll (D:9)
  A queen bee (Lair:1)
  A hornet (D:9)
  Prince Ribbit (D:8)
  3 blink frogs (Lair:1)
  9 yaks
  2 wyverns
  A wraith (D:9)
  Duvessa (D:7)
  3 water moccasins (Lair:1)
  2 sky beasts
  3 ice beasts
  12 orc warriors
  3 centaurs
  5 wolves (Lair:1)
  A phantom (D:7)
  3 kobold brigands
  Blork the orc (D:4)
  A bullfrog (D:8)
  A gnoll sergeant (D:7)
  3 necrophages
  2 scorpions
  5 wights (D:8)
  Dowan (D:7)
  25 killer bees (Lair:1)
  2 howler monkeys
  2 gnoll boudas
  3 hounds
  3 jellies
  2 orc priests
  Ijyb (D:3)
  Natasha (twice) (D:2)
  3 orc wizards
  7 iguanas
  16 gnolls
  5 adders
  2 white imps
  3 worms
  A dart slug (D:4)
  53 orcs
  4 endoplasms
  3 giant cockroaches
  7 hobgoblins
  3 jackals (D:3)
  23 kobolds
  A quokka (D:4)
  7 ball pythons
  7 bats
  4 frilled lizards
  9 goblins
  7 rats
283 creatures vanquished.

Vanquished Creatures (others)
  3 fungi (Lair:1)
  4 plants (Lair:1)
7 creatures vanquished.

Grand Total: 290 creatures vanquished

Notes
Turn   | Place    | Note
-------+----------+-------------------------------------------
     0 | D:1      | Angani the Draconian Reaver began the quest for the Orb.
     0 | D:1      | Reached XP level 1. HP: 17/17 MP: 3/3
   308 | D:1      | Found a faded altar of an unknown god.
   313 | D:1      | Prayed at the altar of an unknown god.
   313 | D:1      | Became a worshipper of Sif Muna the Loreminder
   313 | D:1      | Reached * piety under Sif Muna
   492 | D:2      | Noticed Natasha
   502 | D:2      | Noticed an iron imp
   506 | D:2      | Noticed a crimson imp
   512 | D:1      | Reached XP level 2. HP: 14/24 MP: 5/5
   579 | D:2      | Learned a level 2 spell: Momentum Strike
   677 | D:2      | Found Koblohum's Distillery.
   696 | D:2      | Bought a potion of curing for 42 gold pieces
   706 | D:2      | Reached skill level 1 in Invocations
   749 | D:2      | Reached XP level 3. HP: 29/29 MP: 6/6
   782 | D:2      | Natasha changed into Natasha the iguana
   782 | D:2      | Noticed Natasha
   787 | D:2      | Killed Natasha the iguana
  1004 | D:2      | Reached XP level 4. HP: 36/36 MP: 8/8
  1050 | D:2      | Reached skill level 6 in Spellcasting
  1050 | D:2      | Reached XP level 5. HP: 41/41 MP: 9/14
  1090 | D:2      | Learned a level 3 spell: Hailstorm
  1155 | D:2      | Noticed Natasha
  1160 | D:2      | Killed Natasha
  1201 | D:3      | Reached ** piety under Sif Muna
  1235 | D:2      | Bought a potion of heal wounds for 70 gold pieces
  1242 | D:2      | Noticed Natasha
  1246 | D:2      | Killed Natasha
  1975 | D:3      | Noticed Ijyb
  1987 | D:3      | Killed Ijyb
  2132 | D:4      | Reached XP level 6. HP: 43/48 MP: 15/15
  2158 | D:4      | Found a glowing golden altar of the Shining One.
  2219 | D:4      | Noticed Blork the orc
  2244 | D:4      | Killed Blork the orc
  2459 | D:4      | Found an ancient bone altar of Kikubaaqudgha.
  2658 | D:4      | Learned a level 1 spell: Magic Dart
  2679 | D:4      | Found an ornate altar of the Wu Jian Council.
  2835 | D:4      | Found a staircase to the Ecumenical Temple.
  2868 | D:5      | Entered Level 5 of the Dungeon
  2923 | D:4      | Reached skill level 7 in Spellcasting
  2929 | D:4      | Reached *** piety under Sif Muna
  2930 | D:4      | Your scales start taking on a rich purple colour.
  2930 | D:4      | Reached skill level 8 in Spellcasting
  2930 | D:4      | Reached XP level 7. HP: 53/55 MP: 18/18
  2935 | D:4      | Learned a level 4 spell: Dispel Undead
  3044 | D:5      | Found a shimmering blue altar of Sif Muna.
  3188 | D:5      | Learned a level 2 spell: Poisonous Vapours
  3248 | D:5      | Found Uclepn's Distillery.
  3769 | D:5      | Bought a potion of haste for 140 gold pieces
  3769 | D:5      | Bought a potion of curing for 42 gold pieces
  4195 | D:5      | Found a blossoming altar of Fedhas.
  4529 | D:6      | Reached XP level 8. HP: 57/61 MP: 16/20
  4605 | D:6      | Reached skill level 9 in Spellcasting
  4981 | D:6      | Identified the +2 morningstar of the Other Side {flame,
                  | Str+4}
  5367 | D:7      | Reached **** piety under Sif Muna
  5877 | D:7      | Noticed Duvessa
  5888 | D:7      | Noticed Dowan
  5897 | D:7      | Killed Duvessa
  5898 | D:7      | Reached XP level 9. HP: 45/67 MP: 18/22
  5904 | D:7      | Killed Dowan
  6107 | D:7      | Noticed Maggie
  6130 | D:7      | Killed Maggie
  6298 | D:7      | Noticed Joseph
  6332 | D:8      | Learned a level 3 spell: Mephitic Cloud
  6458 | D:8      | Found a runed translucent gate.
  6458 | D:8      | Found a runed translucent gate.
  6533 | D:8      | Noticed a kobold demonologist
  6548 | D:8      | Killed a kobold demonologist
  6553 | D:8      | Noticed Prince Ribbit
  6577 | D:8      | Killed Prince Ribbit
  6578 | D:8      | Reached skill level 10 in Spellcasting
  6703 | D:8      | Found a runed translucent gate.
  6705 | D:8      | Noticed asdu's ghost (novice NaCj)
  6791 | D:8      | Learned a level 4 spell: Sticky Flame
  6796 | D:8      | Learned a level 4 spell: Flame Wave
  7219 | D:8      | Reached skill level 1 in Fire Magic
  7618 | D:8      | Learned a level 5 spell: Fireball
  8057 | D:7      | Found a white marble altar of Elyvilon.
  8451 | D:9      | Found a flagged portal.
  8454 | D:9      | Reached ***** piety under Sif Muna
  8462 | Bailey   | Entered a bailey
  8488 | Bailey   | Reached skill level 10 in Invocations
  8632 | Bailey   | Received a gift from Sif Muna
  8633 | Bailey   | Reached XP level 10. HP: 67/73 MP: 3/24
  8633 | Bailey   | Got Sif Muna's Volume of the Transmuted Blaze {god gift}
  8982 | Bailey   | Reached skill level 10 in Conjurations
  9622 | D:9      | Noticed a death yak
  9630 | D:9      | Noticed a death yak
  9635 | D:9      | Noticed a death yak
  9869 | D:9      | Reached skill level 1 in Shields
  9925 | D:9      | Noticed a two-headed ogre
  9934 | D:9      | Killed a two-headed ogre
 10176 | D:9      | Found a staircase to the Lair.
 10189 | D:9      | Reached skill level 5 in Fire Magic
 10798 | D:9      | Killed a death yak
 11149 | D:9      | Killed a death yak
 11150 | D:9      | Reached XP level 11. HP: 26/83 MP: 1/25
 11150 | D:9      | Killed a death yak
 11364 | Lair:1   | Entered Level 1 of the Lair of Beasts
 11837 | Lair:1   | Reached skill level 11 in Spellcasting
 12726 | Lair:1   | Noticed a boulder beetle
 12744 | Lair:1   | Killed a boulder beetle
 12745 | Lair:1   | Reached skill level 12 in Spellcasting
 12905 | Lair:1   | Learned a level 6 spell: Eringya's Noxious Bog
 12940 | Lair:1   | HP: 4/83 [komodo dragon (19)]
 12941 | Lair:1   | Mangled by a komodo dragon

Illustrated notes

Levels and vault maps discovered:
D:1:      matt_arrival_refuge, layout_rooms, chequers_ecumenical_altar_lobes
D:2:      layout_rooms, serial_shops, shop_fountains, uniq_natasha
D:3:      layout_loops_cross, kennysheep_minor_cross, kennysheep_generic_room_6,
          uniq_ijyb
D:4:      layout_rooms, mainiacjoe_overflow_small_starburst,
          kennysheep_mini_moat, amcnicky_altar_gilded, temple_hall,
          chequers_serial_rivers_micro_a, uniq_blork_the_orc
D:5:      layout_basic, fedhas_altar_3, lemuel_crystal_altar, serial_shops,
          nicolae_inconvenience_store, minmay_misc_feat_pillars
D:6:      layout_cave_pools, grunt_ministairs_4, chequers_serial_rivers_room_b
D:7:      layout_loops_corners, general_overflow_altar, uniq_joseph,
          uniq_duvessa, uniq_maggie
D:8:      layout_basic, gammafunk_ghost_necromancy, uniq_prince_ribbit1
D:9:      layout_roguey, dpeg_lair_monsters, enter_bailey_4
Lair:1:   layout_roguey [special_room_bee], minmay_stone_trees_large,
          roderic_batcave

Skill      XL: |  1  2  3  4  5  6  7  8  9 10 11 |
---------------+----------------------------------+-----
Invocations    | 1 7 8 9 10 | 10.1
Spellcasting   | 6 8 9 10 12 | 12.0
Conjurations   | 7 8 9 10 | 10.0
Fire Magic     | 2 5 8 |  8.5
Dodging        | 3 |  3.2
Shields        | 2 |  2.7
Fighting       | 3 |  3.9
Axes           | |  3.1
Transmutations | |  0.8
Poison Magic   | |  0.8

Action                   |  1- 3 |  4- 6 |  7- 9 | 10-12 || total
-------------------------+-------+-------+-------+-------++-------
Melee: Hand axe          |    29 |       |       |       ||    29
       Tailslap          |     4 |    19 |    33 |    13 ||    69
       Dagger            |    35 |   113 |     7 |       ||   155
       Short sword       |       |       |    94 |       ||    94
       Rapier            |       |       |    29 |    73 ||   102
 Cast: Momentum Strike   |     2 |     1 |     2 |       ||     5
       Hailstorm         |       |     9 |    35 |       ||    44
       Magic Dart        |       |    15 |   132 |     6 ||   153
       Poisonous Vapours |       |       |    21 |    16 ||    37
       Dispel Undead     |       |       |     1 |     3 ||     4
       Flame Wave        |       |       |    13 |    30 ||    43
       Sticky Flame      |       |       |     6 |    29 ||    35
       Mephitic Cloud    |       |       |     3 |     2 ||     5
       Fireball          |       |       |       |    19 ||    19
       Eringya's Noxious |       |       |       |     1 ||     1
Invok: Channel Magic     |       |       |       |     2 ||     2
       Divine Exegesis   |       |       |       |     1 ||     1
 Abil: Breathe Dispellin |       |       |     5 |     3 ||     8
Evoke: Wand              |     2 |     1 |    18 |     3 ||    24
  Use: Scroll            |     3 |     2 |    12 |     5 ||    22
       Potion            |       |     1 |     3 |     1 ||     5
 Stab: Sleeping          |     1 |       |       |       ||     1
       Paralysed         |       |     4 |    15 |     7 ||    26
       Invisible         |       |       |     2 |       ||     2
Armor: Skin              |    22 |    39 |    85 |    69 ||   215
Dodge: Dodged            |    32 |    55 |   125 |   139 ||   351
Block: Buckler           |     5 |    11 |    25 |    27 ||    68

Table legend: (Time is in decaauts)
 A = Elapsed time spent in this place.
 B = Non-inter-level travel time spent in this place.
 C = Inter-level travel time spent in this place.
 D = Time resting spent in this place.
 E = Time spent auto-exploring this place.
 F = Levels seen in this place.
 G = Mean time per level.
                   A        B        C        D        E       F      G
               +--------+--------+--------+--------+--------+-----+--------+
         Total |  13024 |  12596 |    428 |   4466 |   5767 |  11 | 1184.0 |
       Dungeon |  10685 |  10257 |    428 |   3045 |   5455 |   9 | 1187.2 |
          Lair |   1250 |   1250 |      0 |    701 |    303 |   1 | 1250.0 |
        Bailey |   1088 |   1088 |      0 |    720 |      9 |   1 | 1088.0 |
               +--------+--------+--------+--------+--------+-----+--------+

Top non-repeatable levels by time:
     D:9: 2050 daAuts
     D:7: 1835 daAuts
     D:8: 1672 daAuts
     D:5: 1490 daAuts
  Lair:1: 1250 daAuts
  Bailey: 1088 daAuts
     D:3: 856 daAuts
     D:4: 811 daAuts
     D:2: 783 daAuts
     D:6: 674 daAuts
     D:1: 509 daAuts
